 Dungeon Crawl Stone Soup version 0.31-a0-702-gf82c85558f (webtiles) character file.

Game seed: 8959001090828530761

597 qw the Shooter (level 7, 0/44 HPs)
             Began as a Gargoyle Hunter on Sept 8, 2023.
             Slain by an iguana (10 damage)
             ... on level 5 of the Dungeon.
             The game lasted 00:01:21 (3605 turns).

qw the Shooter (Gargoyle Hunter)                    Turns: 3605, Time: 00:01:21

Health: 0/44       AC: 11    Str: 14    XL:     7   Next: 40%
Magic:  7/7        EV: 10    Int: 10    God:
Gold:   156        SH:  0    Dex: 15    Spells: 6/6 levels left

rFire   . . .        Y - +2 shortbow
rCold   . . .        (shield currently unavailable)
rNeg    + . .        a - +0 ring mail
rPois   inf          (no helmet)
rElec   +            (no cloak)
rCorr   .            g - +0 pair of gloves
SInv    .            (no boots)
Will    .....        d - amulet of regeneration
Stlth   +            (no ring)
HPRegen 1.07/turn    (no ring)
MPRegen 0.10/turn

%: no passive effects
@: about to teleport
A: sickness immunity, AC +4, negative energy resistance 1, electricity
resistance, torment resistance 1, petrification resistance
a: no special abilities


You were on level 5 of the Dungeon.
You visited 1 branch of the dungeon, and saw 5 of its levels.

You collected 156 gold pieces.


Innate Abilities, Weirdness & Mutations

You are immune to sickness and miasma.
Your stone body is resilient. (AC +4)
You are immune to poison.
You resist negative energy. (rN+)
You are resistant to electric shocks. (rElec)
You are resistant to unholy torment.
You are immune to petrification.


   Skills:
 - Level 5.5 Fighting
 + Level 7.2 Ranged Weapons
 - Level 1.0 Armour
 - Level 1.5 Dodging
 - Level 1.1 Stealth


You had 6 spell levels left.
You didn't know any spells.
Your spell library was empty.

Inventory:

Hand Weapons
 Y - a +2 shortbow (weapon)
Armour
 a - a +0 ring mail (worn)
 g - a +0 pair of gloves (worn)
Jewellery
 d - an amulet of regeneration (around neck)
Potions
 b - a potion of curing
 c - a potion of enlightenment {unknown}
 e - a potion of lignification {unknown}
 h - a potion of magic {unknown}
 j - a potion of haste {unknown}

Dungeon Overview and Level Annotations

Branches:
Dungeon (5/15)
 Temple: D:4-7

Altars:
Ashenzari
Hepliaklqana
Sif Muna

Annotations:
D:3 3 runed translucent doors, qw's ghost, amateur GrHu


Message History

You shoot an arrow. The gnoll sergeant blocks the arrow.
The gnoll sergeant closely misses you.
You shoot an arrow.
The arrow barely misses the gnoll sergeant.
The gnoll sergeant hits you but does no damage.
You shoot an arrow. The arrow hits the gnoll sergeant.
The gnoll sergeant is severely wounded.
You hear the slow rusting of a drain very nearby.
The gnoll sergeant hits you from afar with a +0 spear!
3597 ||| READING 2 scrolls of teleportation.
As you read the scroll of teleportation, it crumbles to dust.
You feel strangely unstable.
The gnoll sergeant hits you from afar with a +0 spear.
You shoot an arrow. The arrow hits the gnoll sergeant.
The gnoll sergeant is almost dead.
The gnoll sergeant hits you from afar with a +0 spear.
You shoot an arrow. The gnoll sergeant blocks the arrow.
You hear a shout!
The gnoll sergeant closely misses you.
You shoot an arrow.
The arrow barely misses the gnoll sergeant.
Your surroundings suddenly seem different.
An iguana comes into view.
Found five items.
The iguana hisses angrily.
You shoot an arrow. The arrow hits the iguana.
The iguana is lightly wounded.
3602 ||| READING scroll of teleportation.
As you read the scroll of teleportation, it crumbles to dust.
You feel strangely unstable.
You shoot an arrow. The arrow completely misses the iguana.
The iguana bites you.
You shoot an arrow. The arrow hits the iguana.
The iguana is moderately wounded.
The iguana bites you.
You shoot an arrow.
The arrow hits the iguana but does no damage.
The iguana is moderately wounded.
The iguana bites you!
You die...

## #.. ####..
.....!#######
#...........###
!..............
.......@.......
.......l.......
...............
...?...........
#..............
####..?........
#####.......
####..$


You could see an iguana.

Vanquished Creatures
  Grinder (D:4)
  An ogre (D:4)
  A jelly (D:4)
  Terence (D:2)
  An orc wizard (D:4)
  An iguana (D:5)
  7 adders
  7 gnolls
  A worm (D:2)
  2 dart slugs
  12 orcs
  2 bats (D:2)
  6 endoplasms
  4 giant cockroaches
  8 goblins
  6 hobgoblins
  4 jackals (D:4)
  2 quokkas (D:1)
  8 ball pythons
  2 frilled lizards
  3 kobolds
  5 rats
85 creatures vanquished.

Notes
Turn   | Place    | Note
-------+----------+-------------------------------------------
     0 | D:1      | qw the Gargoyle Hunter began the quest for the Orb.
     0 | D:1      | Reached XP level 1. HP: 12/12 MP: 1/1
     0 | D:1      | 0 ||| qw: Version: 0.3-a-76-g4403597
     0 | D:1      | 0 ||| qw: Game counter: 969
     0 | D:1      | 0 ||| qw: Melee chars always use a shield: true
     0 | D:1      | 0 ||| qw: God list: Okawaru
     0 | D:1      | 0 ||| qw: Allow faded altars: false
     0 | D:1      | 0 ||| qw: Do Orc after clearing Dungeon:15 true
     0 | D:1      | 0 ||| qw: Do second Lair branch before Depths: true
     0 | D:1      | 0 ||| qw: Lair rune preference: random
     0 | D:1      | 0 ||| qw: Goals: Normal
     0 | D:1      | 0 ||| PLANNING D:1-11
   102 | D:1      | Reached XP level 2. HP: 17/17 MP: 2/2
   837 | D:1      | 837 ||| READING scroll labelled NUOQEBOWAFI.
   838 | D:1      | 838 ||| DROPPING scroll of butterflies.
   847 | D:2      | Noticed Terence
   850 | D:2      | 850 ||| STAIRDANCE
   856 | D:1      | Reached skill level 5 in Ranged Weapons
   856 | D:1      | Reached XP level 3. HP: 16/21 MP: 3/3
   895 | D:2      | HP: 3/21 [Terence/+0 hand axe (4)]
   896 | D:2      | Killed Terence
   897 | D:2      | Reached skill level 3 in Fighting
   897 | D:2      | 897 ||| STAIRDANCE
  1018 | D:2      | Reached XP level 4. HP: 28/28 MP: 4/4
  1031 | D:2      | 1031 ||| RETREATING.
  1037 | D:2      | 1037 ||| Stepping ~*~*~tactically~*~*~ (retreating).
  1039 | D:2      | 1039 ||| Stepping ~*~*~tactically~*~*~ (retreating).
  1175 | D:2      | Reached XP level 5. HP: 32/32 MP: 5/5
  1379 | D:2      | 1379 ||| UPGRADING to +0 ring mail.
  1389 | D:2      | 1389 ||| DROPPING +0 leather armour.
  1390 | D:2      | 1390 ||| UPGRADING to +0 pair of gloves.
  1395 | D:2      | 1395 ||| READING scroll labelled DYITTO UPHO.
  1396 | D:2      | 1396 ||| READING scroll labelled YSURODDU IFOJI.
  1397 | D:2      | 1397 ||| READING 2 scrolls labelled CAEF MIPLOBB.
  1398 | D:2      | 1398 ||| DROPPING scroll of immolation.
  1467 | D:3      | Found a hazy altar of Hepliaklqana.
  1470 | D:3      | Reached skill level 1 in Armour
  1570 | D:3      | Found a broken altar of Ashenzari.
  1667 | D:3      | Reached skill level 6 in Ranged Weapons
  1879 | D:3      | 1879 ||| READING scroll of enchant weapon.
  1879 | D:3      | 1879 ||| ENCHANTING +1 shortbow.
  1943 | D:3      | Found a runed translucent gate.
  1943 | D:3      | Found a runed translucent gate.
  1944 | D:3      | Found a runed translucent gate.
  1944 | D:3      | Noticed qw's ghost (amateur GrHu)
  1946 | D:3      | Noticed a kobold brigand
  2154 | D:3      | 2154 ||| UPGRADING to amulet of regeneration.
  2159 | D:3      | 2159 ||| READING scroll labelled UPODUWK CEDI.
  2198 | D:3      | 2198 ||| READING 2 scrolls labelled ROKHUIT ADOCSY.
  2199 | D:3      | 2199 ||| READING scroll labelled POUPNE JOXTEN.
  2200 | D:3      | 2200 ||| DRINKING 2 fuming yellow potions.
  2201 | D:3      | 2201 ||| DROPPING scroll of amnesia.
  2258 | D:4      | Found a shimmering blue altar of Sif Muna.
  2277 | D:4      | Noticed Grinder
  2289 | D:4      | Paralysed by Grinder for 4 turns
  2300 | D:4      | Killed Grinder
  2301 | D:4      | Reached XP level 6. HP: 19/40 MP: 6/6
  2499 | D:4      | 2499 ||| Stepping ~*~*~tactically~*~*~ (outnumbered).
  2518 | D:4      | Reached XP level 7. HP: 44/44 MP: 7/7
  2701 | D:4      | Reached skill level 7 in Ranged Weapons
  3477 | D:4      | 3477 ||| READING scroll labelled TUANYO LEYXTYN.
  3501 | D:5      | Entered Level 5 of the Dungeon
  3502 | D:5      | 3502 ||| PLANNING SEWER
  3576 | D:5      | 3576 ||| Stepping ~*~*~tactically~*~*~ (retreating).
  3577 | D:5      | 3577 ||| Stepping ~*~*~tactically~*~*~ (outnumbered).
  3596 | D:5      | HP: 9/44 [gnoll sergeant/+0 spear (8)]
  3597 | D:5      | 3597 ||| READING 2 scrolls of teleportation.
  3602 | D:5      | 3602 ||| READING scroll of teleportation.
  3603 | D:5      | HP: 9/44 [iguana (2)]
  3605 | D:5      | Slain by an iguana

Levels and vault maps discovered:
D:1:      dpeg_arrival_shrine, layout_loops_ring, chequers_garden, st_stairs_7,
          lemuel_flame_loot_1
D:2:      layout_rooms, uniq_terence
D:3:      layout_loops_ring, nicolae_ashenzari_skybound,
          mainiacjoe_overflow_chevrons, gammafunk_ghost_nasty_kobolds,
          kennysheep_decorative_pillar, minmay_misc_feat_doors, hex_medium
D:4:      layout_layer_cave, general_overflow_altar, uniq_grinder
D:5:      layout_cave_pods, okawaru_gym_becter, nicolae_overflow_crystal_walls,
          amcnicky_altar_gilded, lightli_sewer_entry_pipes, minmay_fountain_box,
          nicolae_houndstooth_variations, uniq_edmund, uniq_sigmund

Skill      XL: |  1  2  3  4  5  6  7 |
---------------+----------------------+-----
Ranged Weapons | 5 6 7 |  7.2
Fighting       | 3 5 |  5.5
Armour         | 1 |  1.0
Dodging        | |  1.5
Stealth        | |  1.1

Action                     |  1- 3 |  4- 6 |  7- 9 || total
---------------------------+-------+-------+-------++-------
   Fire: Shortbow          |    66 |   170 |    92 ||   328
    Use: Scroll            |     1 |     7 |     3 ||    11
         Potion            |       |     1 |       ||     1
 Armour: Leather armour    |    22 |    11 |       ||    33
         Ring mail         |       |    44 |    40 ||    84
  Dodge: Dodged            |    17 |    45 |    28 ||    90

Table legend:
 A = Non-vault XP
 B = Vault XP
 C = Vault XP percentage of total XP
 D = Non-vault monster count
 E = Vault monster count
 F = Vault count percentage of total count
                 A         B        C        D         E       F
            +---------+---------+-------+---------+---------+-------
      Total |     554 |     299 |  35.1 |      82 |       3 |   3.5
            +---------+---------+-------+---------+---------+-------
        D:1 |      44 |       1 |   2.2 |      18 |       1 |   5.3
        D:2 |      92 |      36 |  28.1 |      17 |       1 |   5.6
        D:3 |      61 |       0 |   0.0 |      12 |       0 |   0.0
        D:4 |     315 |     262 |  45.4 |      31 |       1 |   3.1
        D:5 |      42 |       0 |   0.0 |       4 |       0 |   0.0
            +---------+---------+-------+---------+---------+-------
